Description

General Protoss Build for new patch

Build Order

Get SALT Encoding   

  9  0:06  Nexus (Chrono Boost)  
  12  0:34  Pylon  Send to scout block zerg nat
  14  1:00  Gateway  
  14  1:08  Nexus (Chrono Boost)  
  15  1:15  Assimilator  2 into gas
  19  1:54  Nexus  
  19  2:05  Cybernetics Core  
  20  2:14  Assimilator  
  20  2:19  Pylon  
  22  2:41  Stalker (Chrono Boost)  
  24  2:49  Stargate  
  25  3:04  Stalker (Chrono Boost)  
  28  3:05  Warp Gate (Chrono Boost)  
  31  3:23  Stalker  
  35  3:35  Oracle  
  37  3:50  Pylon  
  45  4:23  Nexus  
  45  4:25  Pylon  
  46  4:30  Gateway  wall off
  48  4:45  Oracle  
  50  5:00  Twilight Council, Assimilator x2, Pylon x2, Gateway x4  
Spawning Tool Build Advisor. Get it on Overwolf

Go to:

Details

  • Created by: alienk
  • Published on: Jul 26, 2026
  • Modified on: Jul 26, 2026
  • Patch: 5.0.16
  • Difficulty: Easy
Show
View Real Time Build Order
Export as new Build Order

Comments (0)

There are no comments. Be the first!

Create an account to comment!